 Dungeon Crawl Stone Soup version 0.24.1 (webtiles) character file.

Game seed: 9173101478640880831, levelgen mode: deterministic

170 Descartes the Fighter (level 5, -10/51 HPs)
             Began as a Gnoll Wanderer on Apr 4, 2020.
             Was an Initiate of Gozag.
             Mangled by an orc
             ... wielding a +1 hand axe of electrocution
              (18 damage)
             ... on level 3 of the Dungeon.
             The game lasted 00:06:38 (2343 turns).

Descartes the Fighter (Gnoll Wanderer)              Turns: 2343, Time: 00:06:40

Health: -10/51     AC: 18    Str: 13    XL:     5   Next: 51%
Magic:  7/7        EV:  3    Int: 16    God:    Gozag
Gold:   131        SH: 11    Dex: 15    Spells: 6/6 levels left

rFire    + . .     SeeInvis .   C - +2 mace (protect)
rCold    x . .     Gourm    .   e - +0 shield
rNeg     . . .     Faith    .   w - +0 chain mail
rPois    .         Spirit   .   (no helmet)
rElec    .         Reflect  +   A - +2 cloak {MR+}
rCorr    .         Harm     .   (no gloves)
MR       +....                  (no boots)
Stlth    ..........             u - +3 amulet of reflection
HPRegen  0.17/turn              o - ring of fire
MPRegen  0.10/turn              (no ring)

@: lethally poisoned (-10 -> -22), gold aura, protection aura
A: distributed training, fangs 1, strong nose
a: Potion Petition, Call Merchant, Bribe Branch, Renounce Religion


You were on level 3 of the Dungeon.
You worshipped Gozag.
Gozag was aware of your devotion.
You were not hungry.

You visited 1 branch of the dungeon, and saw 3 of its levels.

You collected 187 gold pieces.
You paid 56 gold pieces to Gozag.

Inventory:

Hand Weapons
 a - a +0 dagger
 b - a +0 hunting sling
 z - a +3 quarterstaff of chaos
 C - a +2 mace of protection (weapon)
Missiles
 g - 11 bolts
 h - 5 datura-tipped darts (quivered)
 i - 120 stones
Armour
 d - a +0 robe
 e - a +0 shield (worn)
 m - a +0 leather armour
 r - a +0 scale mail
 w - a +0 chain mail (worn)
 A - a +2 cloak of magic resistance (worn)
Jewellery
 o - a ring of fire (left hand)
 u - a +3 amulet of reflection (around neck)
Wands
 y - a wand of iceblast (7)
Scrolls
 k - 2 scrolls of amnesia {unknown}
 l - a scroll of fear {unknown}
 n - 3 scrolls of blinking {unknown}
 p - 3 scrolls of identify {unknown}
 t - a scroll of enchant weapon {unknown}
 x - a scroll of magic mapping {unknown}
Potions
 c - a potion of lignification
 j - a potion of agility {unknown}
 q - a potion of curing
 s - a potion of flight {unknown}
 v - a potion of heal wounds {unknown}
Comestibles
 f - 3 rations
 B - a chunk of flesh


   Skills:
 + Level 8.6 Fighting
 + Level 3.0 Short Blades
 + Level 1.4 Long Blades
 + Level 1.4 Axes
 + Level 1.4 Maces & Flails
 + Level 3.0 Polearms
 + Level 1.4 Staves
 + Level 1.4 Slings
 + Level 1.4 Bows
 + Level 1.4 Crossbows
 + Level 1.4 Throwing
 + Level 1.4 Armour
 + Level 1.4 Dodging
 + Level 6.1 Stealth
 + Level 3.0 Shields
 + Level 1.4 Unarmed Combat
 + Level 1.4 Spellcasting
 + Level 1.1 Conjurations
 + Level 1.1 Hexes
 + Level 1.1 Charms
 + Level 1.1 Summonings
 + Level 1.1 Necromancy
 + Level 1.1 Translocations
 + Level 1.1 Transmutations
 + Level 1.1 Fire Magic
 + Level 1.1 Ice Magic
 + Level 1.1 Air Magic
 + Level 1.1 Earth Magic
 + Level 1.1 Poison Magic
 + Level 1.6 Invocations
 + Level 1.4 Evocations


You had 6 spell levels left.
You didn't know any spells.
Your spell library was empty.

Dungeon Overview and Level Annotations

Branches:
Dungeon (3/15)

Altars:
Dithmenos
Gozag


Innate Abilities, Weirdness & Mutations

Your experience applies equally to all skills.
You have very sharp teeth.
Your uncanny sense of smell can sniff out nearby items.


Message History

The orc is heavily wounded.
You feel very sick. You block the orc's attack. The orc completely misses you.
The orc barely misses you.
You sock the orc!
You kill the orc!
* * * LOW HITPOINT WARNING * * *
You feel sick.
The orc becomes distracted by the nearby gold, dreaming of imaginary riches.
You block the orc's attack.
The orc shouts!
You closely miss the orc.
* * * LOW HITPOINT WARNING * * *
You feel very sick.
The orc is no longer distracted by gold.
The orc hits you with a +0 short sword.
* * * LOW HITPOINT WARNING * * *
The orc hits you but does no damage.
You are electrocuted!!
You die...
Your body crumbles into a pile of gold.

§...######.###
#..)............
.§.[....##.####.
#######.##.# #. #)##.#
#[ $ #.##.# #. # #.##.#
#.## #.#####.##.# #oo#
#.......##.# #@#
#..##.....>#####.#######
.......................#
#..##...#####........##.
#. #.........##.####.# #
#.#.########.# # #.#.#
#.# ..... #.# ##.... ...


You could see 2 orcs.

Vanquished Creatures
  Crazy Yiuf (D:2)
  An orc wizard (D:3)
  2 adders (D:2)
  An ooze (D:2)
  2 worms (D:2)
  A dart slug (D:2)
  A leopard gecko (D:1)
  10 orcs (D:3)
  7 giant cockroaches
  13 goblins
  7 hobgoblins
  3 jackals (D:2)
  A quokka (D:2)
  3 bats
  6 frilled lizards
  4 kobolds
  6 rats
69 creatures vanquished.

Vanquished Creatures (others)
  A goblin (D:3)
1 creature vanquished.

Grand Total: 70 creatures vanquished

Notes
Turn   | Place    | Note
-------+----------+-------------------------------------------
     0 | D:1      | Descartes the Gnoll Wanderer began the quest for the Orb.
     0 | D:1      | Descartes set off with the following items: a +0 dagger, a
                  | potion of curing, a potion of lignification, a +0 robe, a
                  | +0 shield, a ration
     0 | D:1      | Reached XP level 1. HP: 26/26 MP: 1/1
   109 | D:1      | Reached XP level 2. HP: 27/33 MP: 2/2
   512 | D:1      | Reached XP level 3. HP: 38/38 MP: 3/3
   979 | D:2      | Reached skill level 1 in Invocations
  1008 | D:2      | Reached skill level 1 in Long Blades
  1008 | D:2      | Reached skill level 1 in Axes
  1008 | D:2      | Reached skill level 1 in Maces & Flails
  1008 | D:2      | Reached skill level 1 in Staves
  1008 | D:2      | Reached skill level 1 in Slings
  1008 | D:2      | Reached skill level 1 in Bows
  1008 | D:2      | Reached skill level 1 in Crossbows
  1008 | D:2      | Reached skill level 1 in Throwing
  1008 | D:2      | Reached skill level 1 in Armour
  1008 | D:2      | Reached skill level 1 in Dodging
  1008 | D:2      | Reached skill level 1 in Unarmed Combat
  1008 | D:2      | Reached skill level 1 in Spellcasting
  1008 | D:2      | Reached skill level 1 in Evocations
  1076 | D:2      | Reached XP level 4. HP: 15/45 MP: 5/5
  1898 | D:2      | Found a runed translucent door.
  1899 | D:2      | Noticed Crazy Yiuf
  2044 | D:2      | Killed Crazy Yiuf
  2044 | D:2      | Reached skill level 1 in Conjurations
  2044 | D:2      | Reached skill level 1 in Hexes
  2044 | D:2      | Reached skill level 1 in Charms
  2044 | D:2      | Reached skill level 1 in Summonings
  2044 | D:2      | Reached skill level 1 in Necromancy
  2044 | D:2      | Reached skill level 1 in Translocations
  2044 | D:2      | Reached skill level 1 in Transmutations
  2044 | D:2      | Reached skill level 1 in Fire Magic
  2044 | D:2      | Reached skill level 1 in Ice Magic
  2044 | D:2      | Reached skill level 1 in Air Magic
  2044 | D:2      | Reached skill level 1 in Earth Magic
  2044 | D:2      | Reached skill level 1 in Poison Magic
  2137 | D:3      | Reached XP level 5. HP: 51/51 MP: 6/6
  2160 | D:3      | Found an opulent altar of Gozag.
  2173 | D:3      | Became a worshipper of Gozag Ym Sagoz the Greedy
  2247 | D:3      | Found a shadowy altar of Dithmenos.
  2343 | D:3      | Mangled by an orc

Levels and vault maps discovered:
D:1:      dpeg_arrival_fog, layout_loops_cross
D:2:      layout_rooms, roderic_roman_lattice, minmay_worlds_worst_comb,
          uniq_crazy_yiuf_cottage
D:3:      layout_loops_ring, grunt_dithmenos_smoke, grunt_gozag_breadcrumbs,
          grunt_temple_overflow_open, gammafunk_ghost_gnarly_gnolls,
          first_ration, grunt_decor_clamped, nemelex_lonely_heart_becter

Skill      XL: |  1  2  3  4  5 |
---------------+----------------+-----
Stealth        | 6 |  6.1
Invocations    | 1 |  1.6
Long Blades    | 1 |  1.4
Axes           | 1 |  1.4
Maces & Flails | 1 |  1.4
Staves         | 1 |  1.4
Slings         | 1 |  1.4
Bows           | 1 |  1.4
Crossbows      | 1 |  1.4
Throwing       | 1 |  1.4
Armour         | 1 |  1.4
Dodging        | 1 |  1.4
Unarmed Combat | 1 |  1.4
Spellcasting   | 1 |  1.4
Evocations     | 1 |  1.4
Conjurations   | 1 |  1.1
Hexes          | 1 |  1.1
Charms         | 1 |  1.1
Summonings     | 1 |  1.1
Necromancy     | 1 |  1.1
Translocations | 1 |  1.1
Transmutations | 1 |  1.1
Fire Magic     | 1 |  1.1
Ice Magic      | 1 |  1.1
Air Magic      | 1 |  1.1
Earth Magic    | 1 |  1.1
Poison Magic   | 1 |  1.1
Short Blades   | 3 |  3.0
Polearms       | 3 |  3.0
Shields        | 3 |  3.0
Fighting       | |  8.6

Action                   |  1- 3 |  4- 6 || total
-------------------------+-------+-------++-------
Melee: Dagger            |   131 |    57 ||   188
       Bite              |    18 |    11 ||    29
       Mace              |       |    50 ||    50
 Fire: Hunting sling     |    40 |    15 ||    55
 Stab: Sleeping          |     8 |       ||     8
       Distracted        |       |     1 ||     1
  Eat: Chunk             |       |     5 ||     5
Armor: Robe              |     1 |       ||     1
       Chain mail        |    32 |    40 ||    72
       Scale mail        |     2 |       ||     2
Dodge: Dodged            |    23 |    14 ||    37
Block: Shield            |    56 |    61 ||   117
       Reflection        |       |     2 ||     2
